 Dungeon Crawl Stone Soup version 0.26.0-16-gc1dbca0489 (webtiles) character file.

Game seed: 17057276771822560138

50 Roran the Ruffian (level 3, -1/31 HPs)
             Began as a Naga Transmuter on Jan 19, 2021.
             Slain by an adder (3 damage)
             ... on level 2 of the Dungeon.
             The game lasted 00:05:25 (1566 turns).

Roran the Ruffian (Naga Transmuter)                 Turns: 1566, Time: 00:05:26

Health: -1/31      AC:  2    Str: 13    XL:     3   Next: 79%
Magic:  13/15      EV: 10    Int: 13    God:
Gold:   248        SH:  0    Dex: 11    Spells: 0/6 levels left

rFire    . . .     SeeInvis +     - Unarmed
rCold    . . .     Faith    .   (no shield)
rNeg     + . .     Spirit   .   a - +0 robe
rPois    +         Reflect  .   (helmet currently unavailable)
rElec    .         Harm     .   (no cloak)
rCorr    .         Rampage  .   (no gloves)
Will     .....                  (no barding)
Stlth    +.........             (no amulet)
HPRegen  0.10/turn              d - ring of positive energy
MPRegen  0.14/turn              h - ring of magical power

@: short of breath, appendages, wereblooded, very slow
A: large, horns 2, see invisible, deformed body, poison resistance, slowness 2,
spit poison 1, AC +1
a: Spit Poison, End Transformation


You were on level 2 of the Dungeon.
You had grown temporary horns.
You visited 1 branch of the dungeon, and saw 2 of its levels.

You collected 248 gold pieces.

Inventory:

Armour
 a - a +0 robe (worn)
Jewellery
 d - a ring of positive energy (left hand)
 h - a ring of magical power (right hand)
Scrolls
 b - a scroll of identify {unknown}
 g - a scroll of remove curse {unknown}
Potions
 c - a potion of lignification {unknown}
 e - a potion of cancellation {unknown}
 f - 2 potions of berserk rage {unknown}
 i - a potion of curing {unknown}


   Skills:
 + Level 1.1 Fighting
 - Level 2.0 Dodging
 + Level 1.0 Stealth
 + Level 3.6 Unarmed Combat
 - Level 2.3 Spellcasting
 * Level 2.4 Transmutations


You couldn't memorise any spells.
You knew the following spells:

 Your Spells              Type           Power        Failure   Level
a - Beastly Appendage     Tmut           14%          9%          1
b - Wereblood             Tmut           7%           14%         2
c - Spider Form           Tmut/Pois      2%           41%         3

Your spell library contained the following spells:

 Spells                   Type           Power        Failure   Level
 Ice Form                 Ice/Tmut       4%           83%         4
 Blade Hands              Tmut           3%           94%         5


Dungeon Overview and Level Annotations

Branches:
Dungeon (2/15)

Altars:

Shops:
D:2 *


Innate Abilities, Weirdness & Mutations

You cannot wear boots.
Your serpentine skin is tough. (AC +1)
You have supernaturally acute eyesight. (SInv)
Armour fits poorly on your strangely shaped body.
Your system is resistant to poisons. (rPois)
You cover ground very slowly.
You can spit poison.
You have a pair of horns on your head.


Message History

You are too injured to fight recklessly!
You closely miss the hobgoblin. The adder bites you.
The hobgoblin hits you with a +0 club.
* * * LOW HITPOINT WARNING * * *
You closely miss the hobgoblin. Your headbutt misses the hobgoblin.
The adder bites you.
* * * LOW HITPOINT WARNING * * *
The hobgoblin hits you with a +0 club.
* * * LOW HITPOINT WARNING * * *
The adder bites you.
* * * LOW HITPOINT WARNING * * *
Press: ? - help, Shift-Dir - straight line, f - hobgoblin
Aim: a hobgoblin, wielding a +0 club The splash of poison hits the hobgoblin!
You kill the hobgoblin!
The adder closely misses you.
You hit the adder. You headbutt the adder.
The adder is severely wounded.
The adder bites you.
You die...

#.# #.# .≈.. #######
#.# .≈≈.
......###.#######
.....
.(..)...........###
....
#####(###.........#...
# #(# #.##......#.#
#####.###.##)..†.)..#
..........##....@S..#
.......##.##........#
.####..##.##.#####..#
.####..##.##.# ..#
.......##.##.# ..#
.###.......... ..# .#
#.#.##.##. ..# .#
#.#.# .# ..# .#


You could see an adder.

Vanquished Creatures
  An adder (D:2)
  A dart slug (D:1)
  4 giant cockroaches
  4 goblins
  4 hobgoblins
  8 kobolds
  8 bats
  4 frilled lizards (D:1)
  5 rats
39 creatures vanquished.

Vanquished Creatures (others)
  5 toadstools (D:1)
5 creatures vanquished.

Grand Total: 44 creatures vanquished

Notes
Turn   | Place    | Note
-------+----------+-------------------------------------------
     0 | D:1      | Roran the Naga Transmuter began the quest for the Orb.
     0 | D:1      | Reached XP level 1. HP: 18/18 MP: 3/3
   180 | D:1      | Reached XP level 2. HP: 16/25 MP: 5/5
   519 | D:1      | Reached XP level 3. HP: 29/31 MP: 6/6
  1009 | D:2      | Found Gozag's Platinum Reserve.
  1013 | D:2      | Learned a level 2 spell: Wereblood
  1373 | D:2      | Learned a level 3 spell: Spider Form
  1393 | D:2      | Reached skill level 1 in Stealth
  1566 | D:2      | Slain by an adder

Illustrated notes

Levels and vault maps discovered:
D:1:      amcnicky_arrival_wind_blow, layout_rooms,
          kennysheep_decorative_pillar, minmay_gold_behind_fungi,
          minmay_misc_feat_roman, chequers_serial_rivers_marsh
D:2:      layout_loops_ring, nicolae_gozag_zags_fifth_avenue

Skill      XL: |  1  2  3 |
---------------+----------+-----
Dodging        | 2 |  2.0
Stealth        | 1 |  1.0
Fighting       | |  1.1
Unarmed Combat | |  3.6
Spellcasting   | |  2.3
Transmutations | |  2.4

Action                   || total
-------------------------++-------
Melee: Unarmed           ||   104
       Headbutt          ||     2
 Cast: Beastly Appendage ||     7
       Wereblood         ||     5
 Abil: Spit Poison       ||    17
Armor: Robe              ||    24
Dodge: Dodged            ||    65
